 Dungeon Crawl Stone Soup version 0.30-a0-879-ga8ba668304 (webtiles) character file.

Game seed: 9030485219101448543

589 cforsyth the Covered (level 7, -1/54 (57) HPs)
             Began as a Barachi Fighter on Mar 12, 2023.
             Slain by a gnoll
             ... wielding a +0 halberd
             ... led by a gnoll bouda
              (8 damage)
             ... on level 5 of the Dungeon.
             The game lasted 00:04:29 (3225 turns).

cforsyth the Covered (Barachi Fighter)              Turns: 3225, Time: 00:04:29

HP:   -1/54 (57)    AC: 12    Str: 19    XL:     7   Next: 38%
MP:   7/7           EV: 10    Int:  8    God:
Gold: 191           SH:  7    Dex: 12    Spells: 6/6 levels left

rFire   . . .      SeeInvis .    a - +0 war axe
rCold   . . .      Faith    .    l - +2 buckler
rNeg    . . .      Spirit   .    f - +4 ring mail
rPois   .          Reflect  .    u - +0 helmet
rElec   .          Rampage  .    (no cloak)
rCorr   .                        p - +0 pair of gloves
Will    .....                    (no boots)
Stlth   +                        (no amulet)
HPRegen 0.29/turn                (no ring)
MPRegen 0.10/turn                (no ring)

@: drained, slow
A: amphibious, slowness 1, strong legs 1, +LOS
a: Hop


You were on level 5 of the Dungeon.
You visited 1 branch of the dungeon, and saw 5 of its levels.

You collected 191 gold pieces.

Inventory:

Hand Weapons
 a - a +0 war axe (weapon)
Armour
 b - a +0 scale mail
 c - a +0 buckler
 f - a +4 ring mail (worn)
 l - a +2 buckler (worn)
 p - a +0 pair of gloves (worn)
 u - a +0 helmet (worn)
Jewellery
 v - a ring of ice
Wands
 A - a wand of digging (3)
Scrolls
 e - a scroll of magic mapping {unknown}
 g - 3 scrolls of identify {unknown}
 h - a scroll of fog {unknown}
 i - 2 scrolls of vulnerability {unknown}
 j - 7 scrolls of teleportation {unknown}
 m - a scroll of enchant armour {unknown}
 n - a scroll of fear {unknown}
 q - a scroll of brand weapon {unknown}
 s - a scroll of butterflies {unknown}
 w - a scroll of enchant weapon {unknown}
 x - a scroll of acquirement {unknown}
 y - a scroll of noise {unknown}
Potions
 d - a potion of might
 k - 3 potions of curing
 o - a potion of haste {unknown}
 r - 3 potions of mutation {unknown}
 t - a potion of ambrosia {unknown}
 z - 2 potions of lignification {unknown}


   Skills:
 + Level 5.8 Fighting
 - Level 2.5(3.4) Axes
 + Level 3.2(3.6) Polearms
 + Level 5.9 Armour
 + Level 5.3 Shields


You had 6 spell levels left.
You didn't know any spells.
Your spell library contained the following spells:

 Spells                   Type           Power      Damage    Failure   Level
 Kiss of Death            Conj/Necr      0%         2d5       67%         1
 Necrotise                Necr           0%         1d4       67%         1
 Cigotuvi's Dreadful Rot  Necr/Pois/Air  0%         N/A       80%         2
 Poisonous Vapours        Pois/Air       0%         N/A       80%         2
 Confusing Touch          Hex            0%         N/A       95%         3
 Dazzling Flash           Conj/Hex       0%         N/A       95%         3
 Kindle Blastsparks       Fire/Tloc/Air  0%         2d10      95%         3
 Mephitic Cloud           Conj/Pois/Air  0%         N/A       95%         3
 Tukima's Dance           Hex            0%         N/A       95%         3
 Vampiric Draining        Necr           0%         2d6       95%         3
 Dispel Undead            Necr           0%         3d6       100%        4
 Fulminant Prism          Conj/Hex       0%         3d5       100%        4
 Iskenderun's Mystic Bla  Conj/Tloc      0%         2d3       100%        4
 Passage of Golubria      Tloc           0%         N/A       100%        4
 Petrify                  Tmut/Erth      0%         N/A       100%        4
 Agony                    Necr           0%         N/A       100%        5
 Lee's Rapid Deconstruct  Erth           0%         3d4*      100%        5
 Metabolic Englaciation   Hex/Ice        0%         N/A       100%        5
 Silence                  Hex/Air        0%         N/A       100%        5
 Yara's Violent Unravell  Hex/Tmut       0%         3d3       100%        5
 Statue Form              Tmut/Erth      0%         N/A       100%        6


Dungeon Overview and Level Annotations

Branches:
Dungeon (5/15)
 Temple: D:4-7

Altars:
Makhleb
Ru

Shops:
D:1 (

Annotations:
D:2 Terence
D:4 1 runed translucent door, viagra's ghost, weakling MfGl


Innate Abilities, Weirdness & Mutations

You are amphibious.
You cover ground slowly.
You can hop short distances.
You have an extended range of vision and can be seen from far away.


Message History

You are too injured to fight recklessly!
You hit the orc wizard.
The orc wizard is heavily wounded.
You hit the orc.
The orc wizard hits you but does no damage.
You block the orc's attack. The gnoll barely misses you.
You hit the orc wizard but do no damage.
The orc wizard is heavily wounded.
You slash the orc!
You kill the orc!
The orc wizard hits you but does no damage.
The gnoll barely misses you. The orc hits you but does no damage.
The gnoll barely misses you.
The orc wizard hits you but does no damage.
You hit the orc wizard.
The orc wizard is almost dead.
You hit the orc. You block the orc's attack. The orc wizard misses you.
You block the gnoll's attack.
You closely miss the orc wizard.
The orc wizard is almost dead.
You slash the orc!
You kill the orc!
The orc wizard hits you but does no damage.
The gnoll throws a throwing net.
The throwing net barely misses you.
You hit the orc wizard.
You kill the orc wizard!
You block the gnoll's attack.
The gnoll hits you from afar with a +0 halberd!
The gnoll barely misses you.
Items here: $ )))) ?? [[ †.
You slash the gnoll!
The gnoll is severely wounded.
The gnoll hits you with a +0 halberd.
* * * LOW HITPOINT WARNING * * *
You hit the gnoll but do no damage.
The gnoll is severely wounded.
The gnoll hits you with a +0 halberd!
* * * LOW HITPOINT WARNING * * *
The gnoll hits you with a +0 halberd!
You die...

#>...#....# #.#.......
#......##.# #.#......
#....####.###.#.#...###
#.<..#......#.#. .....#
#...†#......#.#. .....##.
#...........#.#. ........
#...........#.#.#........
#....#..#...).#..g.......
#.##.#.##...####@#.....#
#.##.#..#...####.).#
#.#####.#.......)###
#.......#........#
############.....#
#....... #..(..#
#.#####..# ###..... #.
.... ....### # ########.#


You could see a gnoll.

Vanquished Creatures
  2 scorpions (D:4)
  2 hounds (D:5)
  An orc priest (D:4)
  3 iron imps (D:4)
  A gnoll bouda (D:5)
  2 iguanas (D:4)
  An orc wizard (D:5)
  3 gnolls (D:5)
  7 adders
  A shadow imp (D:5)
  A worm (D:3)
  6 dart slugs
  12 orcs
  2 ball pythons
  7 endoplasms
  4 giant cockroaches
  7 goblins
  4 hobgoblins
  A jackal (D:4)
  5 kobolds
  4 quokkas
  4 bats
  3 frilled lizards
  4 rats
87 creatures vanquished.

Vanquished Creatures (others)
  2 plants (D:2)
2 creatures vanquished.

Grand Total: 89 creatures vanquished

Notes
Turn   | Place    | Note
-------+----------+-------------------------------------------
     0 | D:1      | cforsyth the Barachi Fighter began the quest for the Orb.
     0 | D:1      | Reached XP level 1. HP: 18/18 MP: 1/1
    44 | D:1      | Found Loihelu's Antique Weapon Shop.
    72 | D:1      | Reached XP level 2. HP: 25/25 MP: 2/2
   310 | D:1      | Found a sacrificial altar of Ru.
   316 | D:1      | Reached XP level 3. HP: 30/30 MP: 3/3
   632 | D:2      | Noticed Terence
   786 | D:3      | Reached XP level 4. HP: 37/37 MP: 4/4
   788 | D:3      | Reached skill level 1 in Polearms
  1045 | D:2      | Found a faded altar of an unknown god.
  2044 | D:4      | Noticed a scorpion
  2069 | D:4      | Killed a scorpion
  2070 | D:4      | Reached XP level 5. HP: 18/43 MP: 5/5
  2224 | D:4      | Noticed viagra's ghost (weakling MfGl)
  2228 | D:4      | Found a runed translucent door.
  2315 | D:4      | Reached skill level 5 in Fighting
  2315 | D:4      | Reached skill level 5 in Armour
  2315 | D:4      | Reached XP level 6. HP: 49/51 MP: 6/6
  2821 | D:4      | Found a burning altar of Makhleb.
  2865 | D:4      | Reached skill level 5 in Shields
  2972 | D:5      | Entered Level 5 of the Dungeon
  3031 | D:5      | Reached XP level 7. HP: 35/56 MP: 7/7
  3225 | D:5      | Slain by a gnoll

Illustrated notes

Levels and vault maps discovered:
D:1:      dpeg_arrival_ternary, layout_rooms, serial_shops,
          nicolae_diamond_shop, minmay_hexomino_r4
D:2:      layout_basic, shapermc_ecumenical_altar_mp_ritualfount, uniq_terence
D:3:      layout_basic
D:4:      layout_basic, demons_altar, hellmonk_ghost_happy_afterlife,
          dreamdust_wishing_well, minmay_surrounded
D:5:      layout_rooms, mainiacjoe_overflow_divided_tiny,
          nicolae_ashenzari_skybound, gammafunk_ghost_hive,
          serial_co_window_serial, co_window_paths_a, co_window_corner_a,
          co_window_paths_a, co_window_paths_a, co_window_paths_a,
          co_window_of_opportunity_b, co_window_2corner,
          co_window_unsneaky_path_c, co_window_of_opportunity_c,
          co_window_unsneaky_path_d, co_window_cross_3, glass_columns_a,
          glass_columns_b, glass_columns_c, uniq_eustachio

Skill      XL: |  1  2  3  4  5  6  7 |
---------------+----------------------+-----
Fighting       | 4 5 |  5.8
Armour         | 4 5 |  5.9
Polearms       | 1 2 3 |  3.2
Shields        | 4 5 |  5.3
Axes           | |  2.5

Action                     |  1- 3 |  4- 6 |  7- 9 || total
---------------------------+-------+-------+-------++-------
  Melee: War axe           |    70 |   145 |    53 ||   268
    Use: Potion            |       |     2 |       ||     2
 Armour: Scale mail        |    13 |       |       ||    13
         Ring mail         |    25 |    71 |    33 ||   129
  Dodge: Dodged            |    50 |    62 |    40 ||   152
  Block: Buckler           |    25 |    46 |    30 ||   101

Table legend: (Time is in decaauts)
 A = Elapsed time spent in this place.
 B = Non-inter-level travel time spent in this place.
 C = Inter-level travel time spent in this place.
 D = Time resting spent in this place.
 E = Time spent auto-exploring this place.
 F = Levels seen in this place.
 G = Mean time per level.
                   A        B        C        D        E       F      G
               +--------+--------+--------+--------+--------+-----+--------+
         Total |   3763 |   3550 |    213 |    402 |   2328 |   5 |  752.6 |
       Dungeon |   3763 |   3550 |    213 |    402 |   2328 |   5 |  752.6 |
               +--------+--------+--------+--------+--------+-----+--------+

Top non-repeatable levels by time:
     D:3: 1268 daAuts
     D:4: 1118 daAuts
     D:1: 699 daAuts
     D:2: 383 daAuts
     D:5: 292 daAuts
